 Dungeon Crawl Stone Soup version bcrawl-1.28.5 (webtiles) character file.

Game seed: 17005770420561227992

92656 Artagas the Skirmisher (level 1, 0/20 HPs)
             Began as a Minotaur Berserker on Jan 26, 2021.
             Was a Follower of Trog.
             Slain by a hobgoblin (3 damage)
             ... on level 1 of the Dungeon.
             The game lasted 00:00:26 (201 turns).

Artagas the Skirmisher (Minotaur Berserker)          Turns: 201, Time: 00:00:26

Health: 0/20       AC:  2    Str: 21    XL:     1   Next: 91%
Magic:  0/0        EV: 12    Int:  4    God:    Trog [*.....]
Gold:   22         SH:  0    Dex:  9    Spells: 0/0 levels left

rFire    . . .     SeeInvis .   a - +0 hand axe
rCold    . . .     Gourm    .   (no shield)
rNeg     . . .     Faith    .   b - +0 animal skin
rPois    .         Spirit   .   (helmet restricted)
rElec    .         Reflect  .   (no cloak)
rCorr    .         Harm     .   (no gloves)
MR       .....                  (no boots)
Stlth    +.........             (no amulet)
HPRegen  0.06/turn              (no ring)
MPRegen  0.07/turn              (no ring)

@: no status effects
A: retaliatory headbutt, horns 2
a: Berserk, Renounce Religion


You were on level 1 of the Dungeon.
You worshipped Trog.
Trog was aware of your devotion.
You were not hungry.

You visited 1 branch of the dungeon, and saw 1 of its levels.

You collected 22 gold pieces.

Inventory:

Hand Weapons
 a - a +0 hand axe (weapon)
Armour
 b - a +0 animal skin (worn)
Scrolls
 d - a scroll of amnesia {unknown}
Potions
 f - a potion of curing {unknown}
Comestibles
 c - a chunk of flesh
 e - a ration {!d}


   Skills:
 * Level 3.9 Fighting
 * Level 3.8 Axes
 + Level 2.6 Armour
 + Level 2.3 Dodging


You couldn't memorise any spells.
You didn't know any spells.
Your spell library was empty.

Dungeon Overview and Level Annotations

Branches:
Dungeon (1/12)

Altars:


Innate Abilities, Weirdness & Mutations

You reflexively headbutt those who attack you in melee.
You have a pair of horns on your head.


Message History

A goblin comes into view.
A goblin is nearby!
The goblin shouts!
You barely miss the goblin. The goblin hits you.
You completely miss the goblin. Your headbutt misses the goblin.
The goblin completely misses you.
You slash the goblin!
You kill the goblin!
Trog accepts your kill.
No target in view!
No target in view!
No target in view!
No target in view!
No target in view!
No target in view!
No target in view!
No target in view!
As you open the door, it creaks loudly!
There is an open door here.
A frilled lizard and a bat come into view.
The frilled lizard hisses angrily.
There are monsters nearby!
You closely miss the bat. The bat barely misses you.
The bat hits you but does no damage.
Found a pink potion.
Found a stone staircase leading down.
The frilled lizard bites you. The bat closely misses you.
You miss the frilled lizard.
Your headbutt misses the frilled lizard.
You hit the bat. The bat closely misses you. The bat barely misses you.
You furiously retaliate!
You headbutt the bat!
You kill the bat!
Trog accepts your kill. The frilled lizard closely misses you.
You miss the frilled lizard. The frilled lizard bites you.
You hit the frilled lizard.
Your headbutt misses the frilled lizard.
The frilled lizard is heavily wounded.
The frilled lizard barely misses you. The frilled lizard closely misses you.
You miss the frilled lizard.
The frilled lizard is heavily wounded.
The frilled lizard bites you but does no damage.
You closely miss the frilled lizard.
The frilled lizard is heavily wounded.
The frilled lizard bites you.
You hit the frilled lizard.
You kill the frilled lizard!
Trog accepts your kill.
No target in view!
No target in view!
No target in view!
No target in view!
No target in view!
No target in view!
No target in view!
No target in view!
No target in view!
No target in view!
No target in view!
No target in view!
No target in view!
f - a pink potion You open the door.
A ball python and a hobgoblin come into view.
The hobgoblin shouts!
You hear a bark!
There is an open door here.
A jackal comes into view.
The jackal barks!
You hear a bark!
A jackal comes into view.
A jackal comes into view.
The ball python closely misses you. x2
You closely miss the ball python.
The jackal barks!
Your headbutt misses the ball python. The ball python bites you.
The ball python closely misses you.
The ball python bites you but does no damage.
The ball python barely misses you.
You barely miss the ball python. You hit the jackal.
You barely miss the hobgoblin. The jackal closely misses you.
You furiously retaliate!
You headbutt the jackal.
You kill the jackal!
Trog accepts your kill. The hobgoblin barely misses you.
The ball python closely misses you. x2
You closely miss the ball python. You hit the jackal but do no damage.
You hit the hobgoblin. The ball python barely misses you.
The ball python grabs you. The ball python constricts you.
The hobgoblin hits you. The jackal bites you.
You barely miss the ball python. You closely miss the hobgoblin.
You hit the jackal. The ball python closely misses you.
The ball python constricts you. The jackal bites you.
The hobgoblin closely misses you. The ball python bites you.
The ball python constricts you. The jackal bites you. The hobgoblin hits you.
* * * LOW HITPOINT WARNING * * *
You escape the ball python's grasp.
The jackal bites you but does no damage.
The jackal closely misses you. You furiously retaliate!
You headbutt the jackal, but do no damage.
The jackal bites you.
* * * LOW HITPOINT WARNING * * *
The hobgoblin hits you.
You die...

###
#.#######..##≈§≈.......#..)
#P..P..P##.##≈§≈≈.......÷..
#########..##>≈≈≈.<8..8....
#..##§§≈§..........
#######..##≈≈≈.......##..
........######.8....###..
#........# #.....## #..
##...#.#.# ##..... #..
#.....#@######...... #..
#.....hgh...........#
#......S........
##..............
+..............
#..............
#..............
####...........
#...........


You could see 2 jackals, a hobgoblin and a ball python.

Vanquished Creatures
  2 bats (D:1)
  2 goblins (D:1)
  A jackal (D:1)
  A frilled lizard (D:1)
6 creatures vanquished.

Notes
Turn   | Place    | Note
-------+----------+-------------------------------------------
     0 | D:1      | Artagas the Minotaur Berserker began the quest for the Orb.
     0 | D:1      | Reached XP level 1. HP: 19/19 MP: 0/0
   201 | D:1      | HP: 3/20 [jackal (2)]
   201 | D:1      | Slain by a hobgoblin

Action                   || total
-------------------------++-------
Melee: Hand axe          ||    17
       Headbutt          ||     1
Armor: Animal skin       ||     4
Dodge: Dodged            ||    24

Levels and vault maps discovered:
D:1:      grunt_arrival_lava_bath, layout_basic, serial_aquarium,
          aquarium_bridge_square [aquarium_subvault_wall,
          aquarium_subvault_window, aquarium_subvault_bridge,
          aquarium_subvault_bridge], aquarium_window_fake, aquarium_window_fake,
          aquarium_window_2, aquarium_window_1, aquarium_view_2d,
          minmay_indecisive_spiral

Table legend:
 A = Turns spent in this place as a percentage of turns spent in the entire game.
 B = Non-inter-level travel turns spent in this place as a percentage of non-inter-level travel turns spent in the entire game.
 C = Inter-level travel turns spent in this place as a percentage of turns spent in this place.
 D = Turns resting spent in this place as a percentage of non-inter-level travel turns spent in this place.
 E = Turns spent auto-exploring this place as a percentage of non-inter-level travel turns spent in this place.
 F = Non-inter-level travel turns spent in this place divided by the number of levels of this place that you've seen.
                   A       B       C       D       E      F
               +-------+-------+-------+-------+-------+----------------------
         Total | 100.0 | 100.0 |   0.0 |   0.0 |  80.1 | 201.0
       Dungeon | 100.0 | 100.0 |   0.0 |   0.0 |  80.1 | 201.0
               +-------+-------+-------+-------+-------+----------------------

Table legend:
 A = Kills in this place as a percentage of kills in entire the game.
 B = Kills by you in this place as a percentage of kills by you in the entire game.
 C = Kills by friends in this place as a percentage of kills by friends in the entire game.
 D = Other kills in this place as a percentage of other kills in the entire game.
 E = Experience gained in this place as a percentage of experience gained in the entire game.
 F = Experience gained in this place divided by the number of levels of this place that you have seen.
                   A       B       C       D       E      F
               +-------+-------+-------+-------+-------+----------------------
         Total | 100.0 | 100.0 |   N/A |   N/A | 100.0 |  11.0
       Dungeon | 100.0 | 100.0 |   N/A |   N/A | 100.0 |  11.0
               +-------+-------+-------+-------+-------+----------------------
